 Dungeon Crawl Stone Soup version 0.20.1-1-g8b1a95d (webtiles) character file.

48 parasite the Poker (level 3, 0/30 HPs)
             Began as a Ghoul Gladiator on July 6, 2017.
             Slain by a worm (1 damage)
             ... on level 2 of the Dungeon on July 15, 2017.
             The game lasted 00:11:10 (1121 turns).

parasite the Poker (Ghoul Gladiator)                Turns: 1121, Time: 00:11:10

Health: 0/30       AC:  4    Str: 18    XL:     3   Next: 72%
Magic:  2/2        EV: 12    Int:  3    God:
Gold:   65         SH:  0    Dex: 10    Spells: 2/2 levels left

rFire    . . .     SeeInvis .   y - +0 hand axe
rCold    + . .     Gourm    .   (no shield)
rNeg     + + +     Faith    .   b - +0 leather armour
rPois    ∞         Spirit   .   c - +0 helmet
rElec    .         Reflect  .   (no cloak)
rCorr    .         Harm     .   (no gloves)
MR       .....                  (no boots)
Stlth    +.........             (no amulet)
Regen    0.0/turn               (no ring)
MPRegen  0.1/turn               (no ring)

@: rotting
A: rotting body, claws 1, carnivore 3, cold resistance 1, negative energy
resistance 3, inhibited regeneration, torment resistance, unbreathing
a: no special abilities


You were on level 2 of the Dungeon.
You were not hungry.

You visited 1 branch of the dungeon, and saw 2 of its levels.

You collected 65 gold pieces.

Inventory:

Hand Weapons
 a - a +0 trident
 j - a +0 dagger
 k - a +0 club
 l - a +0 hunting sling
 n - a +0 short sword
 o - a +0 dagger
 p - a +0 whip
 s - a +0 club
 u - a cursed -1 dagger
 v - a +0 hunting sling
 w - a +0 dagger
 y - a +0 hand axe (weapon)
Missiles
 d - 3 throwing nets (quivered)
 g - 76 arrows
 i - 43 stones
 r - 18 sling bullets
 z - 8 curare-tipped needles
Armour
 b - a +0 leather armour (worn)
 c - a +0 helmet (worn)
Scrolls
 h - 2 scrolls of identify {unknown}
 q - a scroll of remove curse {unknown}
 x - a scroll of recharging {unknown}
Potions
 e - a potion of degeneration {unknown}
 m - a potion of flight {unknown}
 t - a potion of cancellation {unknown}
Comestibles
 f - a meat ration


   Skills:
 + Level 2.6 Fighting
 + Level 3.3 Polearms
 + Level 1.9 Throwing
 + Level 0.5 Armour
 + Level 3.1 Dodging


You had 2 spell levels left.
You didn't know any spells.

Dungeon Overview and Level Annotations

Branches:
Dungeon (2/15)

Altars:


Innate Abilities, Weirdness & Mutations

Your body is rotting away.
You thrive on raw meat.
You are immune to poison.
You have sharp fingernails.
You are carnivorous and can eat meat at any time.
Your flesh is cold resistant. (rC+)
You are immune to negative energy. (rN+++)
You do not regenerate when monsters are visible.
You are immune to unholy pain and torment.
You can survive without breathing.


Message History

You closely miss the kobold. The kobold hits you.
You barely miss the kobold. The kobold hits you. The kobold barely misses you.
You hit the kobold but do no damage. The kobold hits you but does no damage.
You hit the kobold.
The kobold is heavily wounded.
The kobold hits you.
* * * LOW HITPOINT WARNING * * *
You hit the kobold.
The kobold is heavily wounded.
The kobold barely misses you.
You hit the kobold.
You kill the kobold!
You completely miss the worm. The worm bites you!
* * * LOW HITPOINT WARNING * * *
You hit the worm.
The worm is moderately wounded.
You completely miss the worm.
The worm is moderately wounded.
The worm bites you.
You die...

.................>#### ...
.....#..###...†.#.######.####
.....##.......†.....K........
.....##..#####..#.##.w.......
.....###.# #..#.##.........
.....###'#####..#.##.........
............##..#.##.........
............##..#w##......"..
............##..@.##.........
...†........##..####.........
.....####.####..# #.........
###### #..# #.. #.........
##'###.. #....#.# #....#.
#....#.# ### #....#.#


You could see a worm.

Vanquished Creatures
  An adder (D:2)
  An ooze (D:2)
  A worm (D:2)
  A leopard gecko (D:1)
  2 giant cockroaches (D:1)
  A goblin (D:2)
  3 hobgoblins
  5 jackals
  6 kobolds
  A ball python (D:1)
  2 bats (D:1)
  3 frilled lizards
  A rat (D:1)
28 creatures vanquished.

Notes
Turn   | Place    | Note
-------+----------+-------------------------------------------
     0 | D:1      | parasite the Ghoul Gladiator began the quest for the Orb.
     0 | D:1      | Reached XP level 1. HP: 17/17 MP: 0/0
   269 | D:1      | Reached XP level 2. HP: 24/24 MP: 1/1
   862 | D:2      | Reached XP level 3. HP: 30/30 MP: 2/2
  1119 | D:2      | HP: 1/30 [worm (8)]
  1121 | D:2      | Slain by a worm

Skill      XL: |  1  2 |
---------------+-------+-----
Polearms       | 3 |  3.3
Dodging        | 3 |  3.1
Fighting       | |  2.6
Throwing       | |  1.9
Armour         | |  0.5

Action                   || total
-------------------------++-------
Melee: Trident           ||    82
       Hand axe          ||    22
  Use: Potion            ||     1
  Eat: Meat ration       ||     1
Armor: Leather armour    ||    28
Dodge: Dodged            ||    68
